 Dungeon Crawl Stone Soup version 0.31-a0-986-g5e6e4ef867 (webtiles) character file.

Game seed: 4195267382832301383

17 sammy202020 the Ruffian (level 2, 20/21 HPs)
             Began as a Demonspawn Shapeshifter on Nov 17, 2023.
             Quit the game on level 1 of the Dungeon.
             The game lasted 00:00:44 (370 turns).

sammy202020 the Ruffian (Demonspawn Shapeshifter)    Turns: 370, Time: 00:00:44

Health: 20/21      AC:  6    Str: 14    XL:     2   Next: 44%
Magic:  2/2        EV:  9    Int: 11    God:
Gold:   2          SH:  0    Dex: 12    Spells: 1/1 levels left

rFire   . .          .
                       - Unarmed
rCold   . . .        (no shield)
rNeg    . . .        f - +0 scale mail
rPois   .            (helmet currently unavailable)
rElec   .            (cloak currently unavailable)
rCorr   .            (gloves currently unavailable)
SInv    .            (boots currently unavailable)
Will    .....        (no amulet) Stlth
                     (no ring)
HPRegen 0.23/turn    (no ring)
MPRegen 0.08/turn

%: no passive effects
@: beast-form
A: beast (slay +1), demonic magic 1
a: Begin Untransformation


You were on level 1 of the Dungeon.
You were a hulking beast.
You visited 1 branch of the dungeon, and saw 1 of its levels.

You collected 2 gold pieces.

Inventory:

Armour
 a - a +0 animal skin
 f - a +0 scale mail (worn)
Jewellery
 h - a ring of willpower
Talismans
 c - a beast talisman
 d - a flux talisman
Scrolls
 e - a scroll of teleportation {unknown}
 g - a scroll of silence {unknown}
Potions
 b - a potion of magic {unknown}


   Skills:
 * Level 1.4 Fighting
 + Level 0.4 Armour
 + Level 1.9 Dodging
 * Level 2.9 Unarmed Combat
 * Level 2.9 Shapeshifting


You had one spell level left.
You didn't know any spells.
Your spell library was empty.

Dungeon Overview and Level Annotations

Branches:
Dungeon (1/15)

Altars:


Innate Abilities, Weirdness & Mutations

You are a hulking beast.
Your limbs bulge with bestial killing power. (Slay +1)
Spells you cast may paralyse adjacent enemies.


Message History

No target in view!
A ball python comes into view.
The ball python hisses angrily.
A ball python is nearby!
A goblin comes into view. It is wielding a +0 club.
The goblin shouts!
The ball python barely misses you. The ball python grabs you.
The ball python constricts you.
You hit the ball python.
You kill the ball python!
A bat comes into view.
Found a hand axe.
The bat moves out of view.
You punch the goblin!
You kill the goblin!
You closely miss the bat. The bat hits you but does no damage.
The bat closely misses you.
You barely miss the bat. The bat hits you but does no damage.
Found 8 stones.
The bat hits you.
You see here a +0 club.
You hit the bat.
You kill the bat!
No target in view!
No target in view!
No target in view!
No target in view!
No target in view!
No target in view!
No target in view!
No target in view!
No target in view!
No target in view!
No target in view!
No target in view!
No target in view!
No target in view!
No target in view!
No target in view!
No target in view!
No target in view!
Are you sure you want to abandon this character and quit the game? (Confirm with "yes".)

.# ###.###
......( ...)...
....... .......
######†......
#....h.......
####.#####......
#.......# ##.##
#.##.#..#####...
# #............
#............
#....#####...
#.##....### #
...........#####
###


There were no monsters in sight!

Vanquished Creatures
  A ball python (D:1)
  2 endoplasms (D:1)
  A giant cockroach (D:1)
  2 goblins (D:1)
  A hobgoblin (D:1)
  3 jackals (D:1)
  A kobold (D:1)
  A bat (D:1)
  A frilled lizard (D:1)
  A rat (D:1)
14 creatures vanquished.

Notes
Turn   | Place    | Note
-------+----------+-------------------------------------------
     0 | D:1      | sammy202020 the Demonspawn Shapeshifter began the quest for
                  | the Orb.
     0 | D:1      | Reached XP level 1. HP: 15/15 MP: 1/1
   119 | D:1      | Gained mutation: Spells you cast may paralyse adjacent
                  | enemies. [demonic ancestry]
   119 | D:1      | Reached XP level 2. HP: 11/21 MP: 2/2
   370 | D:1      | Quit the game

Illustrated notes

Levels and vault maps discovered:
D:1:      roderic_crossed_star, layout_loops_cross

Action                     || total
---------------------------++-------
  Melee: Unarmed           ||    36
         Punch             ||     2
    Use: Potion            ||     1
 Armour: Scale mail        ||    15
         Skin              ||     7
         Animal skin       ||     1
  Dodge: Dodged            ||    16

Table legend: (Time is in decaauts)
 A = Elapsed time spent in this place.
 B = Non-inter-level travel time spent in this place.
 C = Inter-level travel time spent in this place.
 D = Time resting spent in this place.
 E = Time spent auto-exploring this place.
 F = Levels seen in this place.
 G = Mean time per level.
                   A        B        C        D        E       F      G
               +--------+--------+--------+--------+--------+-----+--------+
         Total |    368 |    368 |      0 |     26 |    248 |   1 |  368.0 |
       Dungeon |    368 |    368 |      0 |     26 |    248 |   1 |  368.0 |
               +--------+--------+--------+--------+--------+-----+--------+

Top non-repeatable levels by time:
     D:1: 368 daAuts
